 Dungeon Crawl Stone Soup version 0.24.0-125-gc4c63601f3 (webtiles) character file.

Game seed: 12442226536867519898, levelgen mode: deterministic

11047 Peloso the Carver (level 11, -2/99 HPs)
             Began as a Minotaur Fighter on Feb 26, 2020.
             Killed from afar by a gargoyle (23 damage)
             ... with a stone arrow
             ... on level 10 of the Dungeon.
             The game lasted 00:19:38 (8013 turns).

Peloso the Carver (Minotaur Fighter)                Turns: 8013, Time: 00:19:38

Health: -2/99      AC: 20    Str: 28    XL:     11   Next: 44%
Magic:  10/10      EV:  8    Int:  5    God:
Gold:   724        SH: 13    Dex: 15    Spells: 10/10 levels left

rFire    . . .     SeeInvis .   a - +8 demon blade "Bloodbane" {slice, *Rage +Rage Stlth-}
rCold    . . .     Gourm    .   c - +0 shield
rNeg     . . .     Faith    +   O - +0 plate armour
rPois    .         Spirit   .   (helmet restricted)
rElec    .         Reflect  .   y - +2 cloak of Rohats {MR+ Str+2}
rCorr    .         Harm     .   k - +1 pair of gloves
MR       +....     Rnd*Rage +   (no boots)
Stlth    ..........             C - amulet of faith
HPRegen  0.26/turn              x - +4 ring of dexterity
MPRegen  0.12/turn              M - +3 ring of strength

@: berserk cooldown, slowed, very slow
A: retaliatory headbutt, horns 2
a: Evoke Berserk Rage


You were on level 10 of the Dungeon.
You were not hungry.

You visited 1 branch of the dungeon, and saw 11 of its levels.
You also visited: Ossuary.

You collected 724 gold pieces.

Inventory:

Hand Weapons
 a - the +8 demon blade "Bloodbane" (weapon) {slice, *Rage +Rage Stlth-}
   (You acquired it on level 4 of the Dungeon)

   It inflicts extra damage upon your enemies.
   It lets you go berserk.
   It may make you go berserk in combat.
   It makes you less stealthy.
 b - a +1 trident of flaming
Armour
 c - a +0 shield (worn)
 k - a +1 pair of gloves (worn)
 l - a +0 chain mail
 y - the +2 cloak of Rohats (worn) {MR+ Str+2}
   (You found it on level 4 of the Dungeon)

   It affects your strength (+2).
   It affects your resistance to hostile enchantments.
 O - a +0 plate armour (worn)
Jewellery
 o - an uncursed ring of ice
 x - a +4 ring of dexterity (left hand)
 B - an uncursed amulet of the gourmand
 C - an amulet of faith (around neck)
 D - an uncursed amulet of faith
 I - an uncursed ring of protection from cold {unknown}
 J - the ring of Xom's Wantonness {rElec Dex-3}
   (You found it on level 8 of the Dungeon)

   [ring of dexterity]

   It affects your dexterity (-3).
   It insulates you from electricity.
 M - a +3 ring of strength (right hand)
 S - a +4 ring of protection
 T - an uncursed ring of resist corrosion {unknown}
Wands
 n - a wand of flame (4)
 A - a wand of polymorph (21)
 E - a wand of iceblast (7)
 H - a wand of acid (22)
 K - a wand of random effects (19)
 L - a wand of scattershot (5)
 R - a wand of enslavement (7)
Scrolls
 e - 8 scrolls of identify
 g - 4 scrolls of remove curse
 h - 2 scrolls of teleportation
 i - 2 scrolls of amnesia
 j - 5 scrolls of enchant armour
 s - a scroll of random uselessness {unknown}
 G - 2 scrolls of magic mapping {unknown}
 N - 2 scrolls of noise {unknown}
 P - a scroll of acquirement
 Q - a scroll of summoning {unknown}
Potions
 d - 2 potions of might
 m - 2 potions of ambrosia
 p - 2 potions of heal wounds
 q - 2 potions of flight
 r - 4 potions of haste
 t - 2 potions of mutation {unknown}
 u - a potion of brilliance
 v - a potion of resistance {unknown}
 w - 3 potions of curing
 z - 3 potions of agility {unknown}
 F - a potion of invisibility
Comestibles
 f - 12 rations


   Skills:
 + Level 9.9 Fighting
 + Level 14.3 Long Blades
 + Level 9.2 Armour
 + Level 3.4 Dodging
 + Level 1.0 Stealth
 + Level 9.7 Shields


You had 10 spell levels left.
You didn't know any spells.
Your spell library contained the following spells:

 Spells                   Type           Power        Failure   Level  Hunger
 Animate Skeleton         Necr           N/A          100%        1    ##.....
 Apportation              Tloc           #.....       100%        1    ##.....
 Beastly Appendage        Tmut           #.....       100%        1    ##.....
 Confusing Touch          Hex            #.....       100%        1    ##.....
 Summon Butterflies       Summ           #.......     100%        1    ##.....
 Summon Small Mammal      Summ           #...         100%        1    ##.....
 Sticks to Snakes         Tmut           #.......     100%        2    ###....
 Lesser Beckoning         Tloc           #.........   100%        3    ####...
 Spider Form              Tmut/Pois      #.........   100%        3    ####...
 Tukima's Dance           Hex            #.......     100%        3    ####...
 Ice Form                 Ice/Tmut       #.......     100%        4    #####..
 Alistair's Intoxication  Tmut/Pois      #.......     100%        5    ######.
 Blade Hands              Tmut           #.........   100%        5    ######.
 Invisibility             Hex            #.......     100%        6    #######


Dungeon Overview and Level Annotations

Branches:
Dungeon (11/15)            Temple (0/1) D:4         Ossuary (visited)
   Lair: D:8-11         Orc: D:9-12

Altars:
Nemelex Xobeh

Shops:
D:9 (


Innate Abilities, Weirdness & Mutations

You reflexively headbutt those who attack you in melee.
You have a pair of horns on your head.


Message History

The adder barely misses you.
The gargoyle hits you with a +0 morningstar of protection.
You climb upwards.
There is a stone staircase leading down here.
Unknown command.
You hit the gargoyle.
You headbutt the gargoyle, but do no damage.
The gargoyle is lightly damaged.
The adder bites you but does no damage.
The gargoyle hurls a stone arrow at you.
The stone arrow hits you!
* * * LOW HITPOINT WARNING * * *
The adder barely misses you. You furiously retaliate!
You headbutt the adder.
You riposte.
You slice the adder!!
You kill the adder!
You hit the gargoyle but do no damage.
The gargoyle is lightly damaged.
The gargoyle hurls a stone arrow at you.
The stone arrow hits you!!
You die...

#.##.# #......#
#..#.# #......#
##.#.######......#
#........#......#
##.......'..#####
#........####
#........#
#........#
#..@.....#
#..9†....#
#...(##### #....#
#....# ######


You could see a gargoyle.

Vanquished Creatures
  Harold (D:7)
  3 two-headed ogres
  An unseen horror (D:10)
  Pikel (D:7)
  An ugly thing (D:11)
  A gargoyle (D:5)
  A hornet (D:11)
  A hippogriff (D:10)
  Grinder (D:3)
  A spriggan (D:7)
  12 yaks (D:10)
  3 orc warriors
  An ice beast (D:6)
  3 sky beasts
  A necrophage (D:9)
  6 ogres
  3 centaurs
  2 crocodiles
  4 bullfrogs
  6 scorpions
  7 killer bees
  2 crimson imps
  A centaur zombie (D:5)
  A human zombie (D:4)
  2 bullfrog zombies
  A quasit (D:11)
  2 bullfrog skeletons
  4 jellies
  3 orc priests
  7 hounds
  Ijyb (D:3)
  4 iguanas
  14 orc wizards
  7 worker ants
  A hound skeleton (D:8)
  A howler monkey zombie (D:7)
  3 mummies (Ossuary)
  5 gnolls
  2 worker ant zombies (D:10)
  12 adders
  4 river rats (D:4)
  A shadow imp (D:7)
  7 oozes (D:4)
  3 adder zombies (Ossuary)
  An adder skeleton (D:4)
  3 worms (D:2)
  4 dart slugs
  2 leopard geckos
  49 orcs
  A ball python (D:4)
  6 giant cockroaches
  A gnoll zombie (Ossuary)
  12 goblins
  4 hobgoblins
  16 jackals
  4 quokkas
  9 bats
  4 frilled lizards
  5 goblin zombies (Ossuary)
  2 hobgoblin zombies (Ossuary)
  16 kobolds
  3 kobold zombies (Ossuary)
  A leopard gecko zombie (D:6)
  A quokka skeleton (D:6)
  3 quokka zombies (Ossuary)
  13 rats
  A rat zombie (Ossuary)
  A bush (D:2)
  A plant (D:2)
311 creatures vanquished.

Vanquished Creatures (others)
  A bullfrog (D:7)
  8 toadstools (D:4)
9 creatures vanquished.

Grand Total: 320 creatures vanquished

Notes
Turn   | Place    | Note
-------+----------+-------------------------------------------
     0 | D:1      | Peloso the Minotaur Fighter began the quest for the Orb.
     0 | D:1      | Reached XP level 1. HP: 19/19 MP: 0/0
   172 | D:1      | Reached XP level 2. HP: 27/27 MP: 1/1
  1039 | D:2      | Reached XP level 3. HP: 26/33 MP: 2/2
  1081 | D:2      | Reached skill level 3 in Long Blades
  1190 | D:2      | Reached XP level 4. HP: 35/40 MP: 3/3
  2305 | D:3      | Noticed Ijyb
  2315 | D:3      | Killed Ijyb
  2315 | D:3      | Reached skill level 4 in Long Blades
  2315 | D:3      | Reached XP level 5. HP: 46/46 MP: 4/4
  2389 | D:3      | Noticed Grinder
  2414 | D:3      | Killed Grinder
  2414 | D:3      | Reached skill level 5 in Long Blades
  2414 | D:3      | Reached skill level 5 in Armour
  2414 | D:3      | Reached skill level 1 in Dodging
  2414 | D:3      | Reached skill level 5 in Shields
  2414 | D:3      | Reached XP level 6. HP: 49/53 MP: 5/5
  2704 | D:4      | Found a sand-covered staircase.
  2717 | Ossuary  | Entered an ossuary
  2889 | D:4      | Identified a scroll of acquirement
  2890 | D:4      | Found the +8 demon blade "Bloodbane" {slice, *Rage +Rage
                  | Stlth-}
  2920 | D:4      | Reached skill level 6 in Long Blades
  3011 | D:4      | Reached XP level 7. HP: 31/60 MP: 6/6
  3166 | D:4      | Got a distressingly furry cloak
  3198 | D:4      | Reached skill level 7 in Long Blades
  3496 | D:4      | Reached skill level 5 in Fighting
  3707 | D:4      | Found a staircase to the Ecumenical Temple.
  3788 | D:4      | Identified the +2 cloak of Rohats {MR+ Str+2} (You found it
                  | on level 4 of the Dungeon)
  3853 | D:5      | Entered Level 5 of the Dungeon
  4077 | D:5      | Reached XP level 8. HP: 70/70 MP: 7/7
  4115 | D:5      | Reached skill level 8 in Long Blades
  4370 | D:5      | Reached skill level 9 in Long Blades
  4473 | D:5      | Noticed a gargoyle
  4481 | D:5      | Killed a gargoyle
  4481 | D:5      | Reached skill level 10 in Long Blades
  4914 | D:6      | Reached XP level 9. HP: 78/78 MP: 8/8
  5298 | D:7      | Noticed Harold
  5307 | D:7      | Killed Harold
  5307 | D:7      | Reached skill level 11 in Long Blades
  5442 | D:7      | Found a sparkling altar of Nemelex Xobeh.
  5467 | D:7      | Noticed Pikel
  5474 | D:7      | Killed Pikel
  5474 | D:7      | Reached skill level 1 in Stealth
  5716 | D:7      | Reached skill level 12 in Long Blades
  6121 | D:8      | Reached XP level 10. HP: 77/88 MP: 9/9
  6544 | D:8      | Got a steaming copper ring
  7013 | D:9      | Found Wais's Antique Weapon Shop.
  7237 | D:9      | Identified the cursed ring of Xom's Wantonness {rElec
                  | Dex-3} (You found it on level 8 of the Dungeon)
  7266 | D:10     | Entered Level 10 of the Dungeon
  7376 | D:10     | Reached skill level 13 in Long Blades
  7380 | D:10     | Noticed a two-headed ogre
  7388 | D:10     | Killed a two-headed ogre
  7631 | D:10     | Killed an unseen horror
  7657 | D:10     | Reached XP level 11. HP: 82/97 MP: 10/10
  7954 | D:11     | Noticed a two-headed ogre
  7960 | D:11     | Noticed a white ugly thing
  7962 | D:11     | Reached skill level 14 in Long Blades
  7964 | D:11     | Noticed a two-headed ogre
  7968 | D:11     | Killed a two-headed ogre
  7972 | D:11     | Killed a white ugly thing
  7979 | D:11     | Killed a two-headed ogre
  7991 | D:11     | HP: 5/148 [something/magic dart (8)]
  8013 | D:10     | Killed from afar by a gargoyle

Levels and vault maps discovered:
D:1:      saegor_arrival_simple_e, layout_basic
D:2:      minmay_chambers_of_ones, layout_loops_cross, serial_forest,
          infiniplex_forest_fountain, infiniplex_forest_clump_curved,
          infiniplex_forest_lined_4_way, infiniplex_forest_zigzag_1,
          infiniplex_forest_clump_curved, infiniplex_forest_lined_room_3
D:3:      layout_loops_corners, uniq_ijyb, uniq_grinder
D:4:      cheibrodos_fertilizer, layout_basic, minmay_temple_entry_butterflies,
          first_ration, enter_ossuary_3, portal_sewer_entry_e
D:5:      kb_forest_paths, layout_basic
D:6:      layout_basic
D:7:      layout_loops_corners, marbit_many_paths, the_bakery,
          minmay_strange_pillars, uniq_harold, uniq_pikel
D:8:      layout_loops_cross
D:9:      layout_loops_ring, serial_shops, nicolae_shop_behind_doors
D:10:     layout_basic
D:11:     layout_rooms, lair_entry_dummy

Skill      XL: |  1  2  3  4  5  6  7  8  9 10 11 |
---------------+----------------------------------+-----
Fighting       | 4 5 6 7 9 |  9.9
Armour         | 4 5 6 7 8 9 |  9.2
Shields        | 4 5 6 7 8 9 |  9.7
Long Blades    | 3 4 5 6 7 10 12 13 14 | 14.3
Dodging        | 1 2 3 |  3.4
Stealth        | 1 |  1.0

Action                   |  1- 3 |  4- 6 |  7- 9 | 10-12 || total
-------------------------+-------+-------+-------+-------++-------
Melee: Long sword        |    89 |   242 |       |       ||   331
       Headbutt          |     8 |    63 |    30 |    48 ||   149
       Demon blade       |       |    21 |   203 |   208 ||   432
  Use: Potion            |     3 |     6 |       |     3 ||    12
       Scroll            |       |     9 |       |     2 ||    11
  Eat: Chunk             |       |     5 |    19 |       ||    24
       Ration            |       |     1 |       |       ||     1
Armor: Scale mail        |    32 |       |       |       ||    32
       Chain mail        |    20 |    81 |    88 |    31 ||   220
       Plate armour      |       |       |       |    63 ||    63
Dodge: Dodged            |    28 |    45 |    47 |    60 ||   180
Block: Shield            |    53 |    68 |   106 |   130 ||   357
       Rpst.: Long sword |     3 |    15 |       |       ||    18
       Demon blade       |       |     4 |    13 |    11 ||    28
